[Event "Titled Tuesday Blitz July 18 Early 2023"]
[White "Vila Dupla, Aurelio"]
[Black "Souleidis, Georgios"]
[WhiteFideId "2203383"]
[BlackFideId "4206827"]
[WhiteElo "2227"]
[BlackElo "2535"]
[Result "0-1"]
[Round "10"]
[TimeControl "180+2"]
[Date "2023.07.18"]
[WhiteClock "0:00:00"]
[BlackClock "0:00:44"]
[Board "110"]

1. Nf3 a6 2. d4 b5 3. e4 Bb7 4. Bd3 e6 5. O-O d6 6. Re1 Nf6 7. e5 dxe5 8. dxe5 Nd5 9. Ng5 Be7 10. Qh5 g6 11. Qh6 Bf8 12. Qh3 Bg7 13. f4 Nd7 14. Ne4 Qe7 15. Nbd2 Nc5 16. Nxc5 Qxc5+ 17. Kh1 Nxf4 18. Qe3 Qxe3 19. Rxe3 Nxg2 20. Rg3 Nf4+ 21. Be4 Bxe4+ 22. Nxe4 Bxe5 23. Rf3 Nd5 24. Bg5 O-O 25. c3 Kg7 26. Rd1 h6 27. Bh4 g5 28. Bf2 Rad8 29. Nc5 Nf4 30. Re1 Bd6 31. Ne4 Be7 32. Bd4+ f6 33. Ng3 e5 34. Be3 Kg6 35. Bxf4 gxf4 36. Ne2 Rd2 37. Nxf4+ exf4 38. Rxe7 Rf7 0-1


[Site "https://www.chess.com"]

[Event "Titled Tuesday Blitz July 18 Early 2023"]
[White "Tarasova, Viktoriya"]
[Black "Rangel, Daniel"]
[WhiteFideId "4175840"]
[BlackFideId "2124475"]
[WhiteElo "2360"]
[BlackElo "2503"]
[Result "0-1"]
[Round "10"]
[TimeControl "180+2"]
[Date "2023.07.18"]
[WhiteClock "0:00:52"]
[BlackClock "0:00:28"]
[Board "111"]

1. d4 Nf6 2. c4 e6 3. Nc3 d5 4. cxd5 exd5 5. Bg5 c6 6. Qc2 Be7 7. e3 Nbd7 8. Bd3 Nh5 9. Bxe7 Qxe7 10. Nge2 Nb6 11. O-O g6 12. h3 Ng7 13. Rae1 Bf5 14. Nf4 O-O 15. Bxf5 Nxf5 16. Nd3 Nd7 17. b3 Rae8 18. Qd2 Qg5 19. f4 Qd8 20. Qf2 Nf6 21. Ne5 Nd6 22. Rd1 Nfe4 23. Nxe4 Nxe4 24. Qf3 f6 25. Nd3 Qd7 26. Kh2 Re7 27. f5 g5 28. h4 h6 29. Qh5 Qc7+ 30. Kg1 Rg7 31. Qxh6 Rh7 32. Qg6+ Kh8 33. Nc5 Rxh4 34. Rf3 Qh2+ 35. Kf1 Qh1+ 36. Ke2 Nc3+ 0-1


[Site "https://www.chess.com"]

[Event "Titled Tuesday Blitz July 18 Early 2023"]
[White "Dwilewicz, Katarzyna"]
[Black "Novikov, Evgenij"]
[WhiteFideId "1148486"]
[BlackFideId "4125380"]
[WhiteElo "2327"]
[BlackElo "2483"]
[Result "1-0"]
[Round "10"]
[TimeControl "180+2"]
[Date "2023.07.18"]
[WhiteClock "0:00:47"]
[BlackClock "0:00:00"]
[Board "112"]

1. e4 c5 2. Nf3 g6 3. d4 cxd4 4. Qxd4 Nf6 5. e5 Nc6 6. Qh4 Nxe5 7. Nxe5 Qa5+ 8. Nc3 Qxe5+ 9. Be2 Bg7 10. Bh6 Bxh6 11. Qxh6 d6 12. O-O-O Bf5 13. Bb5+ Bd7 14. Rhe1 Qf5 15. Qg7 O-O-O 16. Bxd7+ Nxd7 17. Nd5 Qxf2 18. Rxe7 Kb8 19. Rxf7 Qxg2 20. Rxd7 Rxd7 21. Qxh8+ 1-0


[Site "https://www.chess.com"]

[Event "Titled Tuesday Blitz July 18 Early 2023"]
[White "Spichkin, Alexander"]
[Black "Liu, Casper"]
[WhiteFideId "4144074"]
[BlackFideId "1454153"]
[WhiteElo "2303"]
[BlackElo "2445"]
[Result "0-1"]
[Round "10"]
[TimeControl "180+2"]
[Date "2023.07.18"]
[WhiteClock "0:02:04"]
[BlackClock "0:02:01"]
[Board "113"]

1. f4 d5 2. Nf3 Nd7 3. e3 e6 4. b3 Ngf6 5. Bb2 Be7 6. Bd3 Nc5 7. Be2 O-O 8. O-O a5 9. Ne5 a4 10. Rf3 axb3 11. axb3 Rxa1 12. Bxa1 Nfe4 13. Rh3 f6 14. Nd3 e5 15. Bg4 Nxd3 16. cxd3 Nc5 17. Bxc8 Qxc8 18. Qh5 h6 19. fxe5 Nxd3 20. exf6 Bxf6 21. Bxf6 Qe6 22. Bd4 Nf4 23. Qh4 Ne2+ 24. Kh1 Rf1# 0-1


[Site "https://www.chess.com"]

[Event "Titled Tuesday Blitz July 18 Early 2023"]
[White "Zampronha, Wladimir Camilo"]
[Black "Cheer_Down"]
[WhiteFideId "2103087"]
[WhiteElo "2289"]
[BlackElo "2431"]
[Result "0-1"]
[Round "10"]
[TimeControl "180+2"]
[Date "2023.07.18"]
[WhiteClock "0:00:00"]
[BlackClock "0:01:07"]
[Board "114"]

1. e4 c5 2. Nf3 d6 3. d4 cxd4 4. Nxd4 Nf6 5. Nc3 a6 6. Bg5 e6 7. f4 h6 8. Bh4 Qb6 9. a3 Be7 10. Bf2 Qc7 11. Bd3 Nbd7 12. O-O b5 13. Qe2 Bb7 14. Rae1 Nc5 15. e5 dxe5 16. fxe5 Nfd7 17. Kh1 Nxd3 18. cxd3 O-O 19. Nf3 Bxf3 20. Qxf3 Nxe5 21. Qg3 Bd6 22. Ne4 Nc4 23. Nf6+ Kh8 24. Qg4 Ne5 25. Qh5 gxf6 26. Qxh6+ Kg8 27. Qxf6 Ng6 28. Bd4 e5 29. Bc3 Rae8 30. Re4 Re6 0-1


[Site "https://www.chess.com"]

[Event "Titled Tuesday Blitz July 18 Early 2023"]
[White "Chemin, Justo Reinaldo"]
[Black "Zacurdajev, Dmitry"]
[WhiteFideId "2101580"]
[BlackFideId "4196309"]
[WhiteElo "2274"]
[BlackElo "2426"]
[Result "0-1"]
[Round "10"]
[TimeControl "180+2"]
[Date "2023.07.18"]
[WhiteClock "0:00:20"]
[BlackClock "0:00:13"]
[Board "115"]

1. e4 c6 2. d4 d5 3. exd5 cxd5 4. Bd3 Nc6 5. c3 Nf6 6. h3 g6 7. Bf4 Bf5 8. Nf3 Bxd3 9. Qxd3 Bg7 10. Nbd2 O-O 11. O-O a6 12. Rfe1 Rc8 13. Re2 Na5 14. Rae1 e6 15. Ne5 b5 16. g4 Nc4 17. Ndxc4 dxc4 18. Qg3 Nd5 19. Bd2 a5 20. h4 b4 21. h5 Qe7 22. hxg6 hxg6 23. g5 a4 24. Ng4 a3 25. bxa3 bxc3 26. Bc1 Bxd4 27. Nh6+ Kg7 28. Rd1 Qa7 29. Ng4 Rh8 30. Re4 e5 31. Nxe5 Bxf2+ 32. Qxf2 Rh1+ 33. Kxh1 Qxf2 34. Rxd5 Rh8+ 0-1


[Site "https://www.chess.com"]

[Event "Titled Tuesday Blitz July 18 Early 2023"]
[White "laimis61"]
[Black "Uzcategui Rodriguez, Alejandro"]
[BlackFideId "3903400"]
[WhiteElo "2256"]
[BlackElo "2425"]
[Result "1-0"]
[Round "10"]
[TimeControl "180+2"]
[Date "2023.07.18"]
[WhiteClock "0:00:57"]
[BlackClock "0:01:20"]
[Board "116"]

1. e4 e5 2. Nf3 d6 3. d4 Nf6 4. Nc3 Nbd7 5. Rg1 g6 6. g4 Bg7 7. Be3 c6 8. dxe5 Nxe5 9. Nxe5 dxe5 10. Qxd8+ Kxd8 11. Be2 Kc7 12. O-O-O Be6 13. g5 Nd7 14. h4 Rhd8 15. h5 Bf8 16. h6 Bc5 17. Bxc5 Nxc5 18. f3 Rxd1+ 19. Rxd1 Rd8 20. Rf1 Bh3 21. Rf2 Ne6 22. Bc4 Rd7 23. Bxe6 Bxe6 24. Nd1 Kd6 25. Ne3 Ke7 26. f4 exf4 27. Rxf4 Kd6 28. Rh4 Ke5 29. Nf1 f6 30. gxf6 Kxf6 31. Nd2 Kg5 32. Rh2 Bg4 33. b3 Bh5 34. Rh1 Kxh6 35. e5 Re7 36. Re1 Kg5 37. Ne4+ Kf4 38. Nc5 Rxe5 39. Nd3+ 1-0


[Site "https://www.chess.com"]

[Event "Titled Tuesday Blitz July 18 Early 2023"]
[White "Rom, Jasper"]
[Black "Thiel, Thomas"]
[WhiteFideId "2023733"]
[BlackFideId "4615964"]
[WhiteElo "2408"]
[BlackElo "2254"]
[Result "1-0"]
[Round "10"]
[TimeControl "180+2"]
[Date "2023.07.18"]
[WhiteClock "0:00:15"]
[BlackClock "0:00:09"]
[Board "117"]

1. e4 d5 2. exd5 Nf6 3. d4 Nxd5 4. c4 Nb6 5. Nf3 g6 6. Nc3 Bg7 7. Be3 O-O 8. h3 Nc6 9. Be2 Re8 10. O-O e5 11. d5 Ne7 12. Qd2 Nf5 13. Bc5 Nd7 14. Ba3 e4 15. Nh2 Bd4 16. Ng4 e3 17. fxe3 Bb6 18. Rxf5 gxf5 19. Nh6+ Kg7 20. Nxf5+ Kh8 21. Na4 Nf6 22. Nxb6 axb6 23. Rf1 Re5 24. Bd3 Bxf5 25. Bxf5 Rxa3 26. bxa3 Qe7 27. Rf3 Qxa3 28. Qd4 Qe7 29. g4 b5 30. g5 Nh5 31. Bg4 Qxg5 32. Rf5 Qxe3+ 33. Qxe3 Rxe3 34. Bxh5 bxc4 35. Rxf7 c3 36. Rxc7 1-0


[Site "https://www.chess.com"]

[Event "Titled Tuesday Blitz July 18 Early 2023"]
[White "Hoffmann, Asa"]
[Black "Kev4444444444"]
[WhiteFideId "2001470"]
[WhiteElo "2391"]
[BlackElo "2240"]
[Result "1-0"]
[Round "10"]
[TimeControl "180+2"]
[Date "2023.07.18"]
[WhiteClock "0:00:26"]
[BlackClock "0:00:14"]
[Board "118"]

1. d4 g6 2. e4 Bg7 3. Be3 c5 4. Qd2 d5 5. exd5 Qxd5 6. Nc3 Qd8 7. dxc5 Qxd2+ 8. Bxd2 Nd7 9. Nd5 Bxb2 10. Rb1 Be5 11. Nf3 Bb8 12. Bb4 e6 13. Nc3 Ne7 14. Ne4 Nd5 15. Ba3 Ne5 16. Be2 Nxf3+ 17. Bxf3 f5 18. Nd6+ Bxd6 19. cxd6 Kf7 20. c4 Nb6 21. c5 Nd5 22. O-O Rb8 23. c6 Nb6 24. d7 Nxd7 25. cxd7 Bxd7 26. Rxb7 Rxb7 27. Bxb7 Rb8 28. Bf3 Rb6 29. Rd1 Ba4 30. Ra1 e5 31. Bd5+ Kf6 32. h4 e4 33. Bc1 Ke5 34. Bg8 h5 35. g3 Rb8 36. Bf4+ 1-0


[Site "https://www.chess.com"]

[Event "Titled Tuesday Blitz July 18 Early 2023"]
[White "Topalov, Aleksandar"]
[Black "Castillo Pena, Patricia Evarista"]
[WhiteFideId "925659"]
[BlackFideId "6412106"]
[WhiteElo "2363"]
[BlackElo "1880"]
[Result "1-0"]
[Round "10"]
[TimeControl "180+2"]
[Date "2023.07.18"]
[WhiteClock "0:00:15"]
[BlackClock "0:00:00"]
[Board "119"]

1. b3 d5 2. Bb2 Nf6 3. Nf3 c5 4. e3 Nc6 5. Bb5 Bd7 6. O-O e6 7. d3 Bd6 8. Bxc6 bxc6 9. Ne5 O-O 10. f4 Qc7 11. Nd2 Rfe8 12. Rf3 d4 13. Ndc4 Bf8 14. exd4 cxd4 15. Bxd4 c5 16. Bb2 Nd5 17. Qd2 f6 18. Nxd7 Qxd7 19. Re1 Rad8 20. g3 Ne7 21. Rfe3 Nf5 22. Re4 Nd4 23. Bxd4 cxd4 24. a3 Qd5 25. Qe2 Kf7 26. Qg2 Bc5 27. Qh3 h6 28. Qg2 Bb6 29. Qe2 Bc7 30. Qg2 e5 31. fxe5 Bxe5 32. Qe2 Qd7 33. Nxe5+ fxe5 34. Rxe5 Rxe5 35. Qxe5 1-0


[Site "https://www.chess.com"]

[Event "Titled Tuesday Blitz July 18 Early 2023"]
[White "Horak, Martin"]
[Black "UgarteCesar"]
[WhiteFideId "367095"]
[WhiteElo "2480"]
[BlackElo "2205"]
[Result "1-0"]
[Round "10"]
[TimeControl "180+2"]
[Date "2023.07.18"]
[WhiteClock "0:00:15"]
[BlackClock "0:00:05"]
[Board "120"]

1. e4 c5 2. Nf3 Nc6 3. d4 cxd4 4. Nxd4 Qb6 5. Nb3 g6 6. Nc3 Bg7 7. Bd3 Nf6 8. O-O O-O 9. Be3 Qc7 10. Qe2 d6 11. h3 a6 12. Bg5 e6 13. Rad1 b5 14. f4 h6 15. Bh4 b4 16. Nb1 d5 17. e5 Nd7 18. N1d2 Bb7 19. Nf3 a5 20. Nfd4 a4 21. Nxc6 Bxc6 22. Nd4 Rfc8 23. Qg4 Nb6 24. Nxe6 Qd7 25. f5 g5 26. Nxg7 Kxg7 27. Bxg5 hxg5 28. Qxg5+ Kf8 29. f6 Qa7 30. Kh1 Ke8 31. Bf5 Kd8 32. Bxc8 Nxc8 33. Qg8+ Be8 34. e6 Nd6 35. Rxd5 Kc7 36. Qf8 Qa6 37. Qe7+ Kc8 38. Rfd1 Bc6 39. Rxd6 Kb8 40. Rd8+ Qc8 41. Rxc8+ 1-0


[Site "https://www.chess.com"]

[Event "Titled Tuesday Blitz July 18 Early 2023"]
[White "Zaksaite, Salomeja"]
[Black "Nunez V, Gustavo Eduardo"]
[WhiteFideId "12801496"]
[BlackFideId "4403690"]
[WhiteElo "2295"]
[BlackElo "2430"]
[Result "0-1"]
[Round "10"]
[TimeControl "180+2"]
[Date "2023.07.18"]
[WhiteClock "0:00:00"]
[BlackClock "0:00:23"]
[Board "121"]

1. e4 c5 2. Nf3 Nc6 3. Bb5 g6 4. O-O Bg7 5. Re1 e5 6. Bxc6 dxc6 7. d3 Qc7 8. Be3 b6 9. a3 a5 10. Nbd2 Be6 11. b4 cxb4 12. axb4 a4 13. c4 b5 14. Qc2 Qd7 15. Nb3 Ne7 16. Nc5 Qc8 17. Nxe6 Qxe6 18. Bc5 O-O 19. cxb5 cxb5 20. d4 exd4 21. Nxd4 Qd7 22. Rad1 Bxd4 23. Rxd4 Qc7 24. Red1 Rfd8 25. Qb2 Nc6 26. Rd6 Rxd6 27. Bxd6 Qd7 28. Rd5 a3 29. Qa1 Qe6 30. f3 a2 31. h4 f5 32. Bc5 fxe4 33. Rd6 Qe5 34. Rd1 Qxa1 35. Rxa1 exf3 36. gxf3 Ne5 37. Kf2 Ra3 38. Ke2 Nxf3 39. Be3 Nxh4 40. Bd4 Nf5 41. Bb2 Ra4 0-1


[Site "https://www.chess.com"]

[Event "Titled Tuesday Blitz July 18 Early 2023"]
[White "Ziatdinov, Raset"]
[Black "Bueno, Alfeu Junior Varela"]
[WhiteFideId "2015323"]
[BlackFideId "2108879"]
[WhiteElo "2294"]
[BlackElo "2394"]
[Result "1-0"]
[Round "10"]
[TimeControl "180+2"]
[Date "2023.07.18"]
[WhiteClock "0:00:08"]
[BlackClock "0:00:01"]
[Board "122"]

1. e4 e6 2. d4 d5 3. Nc3 Nf6 4. e5 Nfd7 5. f4 c5 6. Nf3 Nc6 7. Be3 cxd4 8. Nxd4 Bc5 9. Qd2 O-O 10. Be2 a6 11. O-O Nxd4 12. Bxd4 Qb6 13. Bxc5 Nxc5 14. Qd4 Bd7 15. Kh1 Rac8 16. f5 Na4 17. Qh4 Nxc3 18. f6 Ne4 19. Bd3 Qd4 20. Rf4 Qxe5 21. Raf1 Rfd8 22. Rg4 g6 23. Bxe4 dxe4 24. Qh6 Qxf6 25. Rxf6 Bc6 26. Rf1 e3 27. Rh4 Rd2 28. Qxh7+ Kf8 29. Qh8+ Ke7 30. Qxc8 e2 31. Qc7+ Ke8 32. Rh8# 1-0


[Site "https://www.chess.com"]

[Event "Titled Tuesday Blitz July 18 Early 2023"]
[White "Goswami, Vedant"]
[Black "Wang, Alexander J"]
[WhiteFideId "5003725"]
[BlackFideId "30955270"]
[WhiteElo "2385"]
[BlackElo "2288"]
[Result "0-1"]
[Round "10"]
[TimeControl "180+2"]
[Date "2023.07.18"]
[WhiteClock "0:00:27"]
[BlackClock "0:00:29"]
[Board "123"]

1. d4 d5 2. Nf3 c5 3. e3 Nc6 4. c4 e6 5. Nc3 Nf6 6. a3 a6 7. cxd5 exd5 8. Be2 c4 9. Ne5 Bd7 10. f4 b5 11. Bf3 Ne7 12. g4 Nc6 13. g5 Ne4 14. Nxe4 dxe4 15. Bxe4 Nxe5 16. dxe5 Bc5 17. Qd5 Rc8 18. Bd2 Qb6 19. Bb4 Bxb4+ 20. axb4 Qxe3+ 21. Kf1 Bc6 22. Qxc6+ Rxc6 23. Bxc6+ Ke7 24. Rd1 Rd8 25. Rxd8 Kxd8 26. Kg2 Qd2+ 27. Kg3 Qxb2 28. Rd1+ Kc7 29. Bd5 c3 30. Bxf7 c2 0-1


[Site "https://www.chess.com"]

[Event "Titled Tuesday Blitz July 18 Early 2023"]
[White "Barwinska, Ewa"]
[Black "Romero Ruscalleda, Josep"]
[WhiteFideId "21833761"]
[BlackFideId "2231859"]
[WhiteElo "2288"]
[BlackElo "2375"]
[Result "1-0"]
[Round "10"]
[TimeControl "180+2"]
[Date "2023.07.18"]
[WhiteClock "0:00:06"]
[BlackClock "0:00:00"]
[Board "124"]

1. e4 g6 2. d4 Bg7 3. Nc3 d6 4. f4 a6 5. Nf3 b5 6. Bd3 Bb7 7. O-O Nd7 8. e5 Nh6 9. Qe2 e6 10. Ne4 Bxe4 11. Bxe4 d5 12. Bd3 c5 13. c3 b4 14. Bxa6 O-O 15. Bb5 b3 16. Be3 Ng4 17. axb3 Rxa1 18. Rxa1 Nxe3 19. Qxe3 Qb6 20. Bxd7 Qxb3 21. Qd2 c4 22. Ba4 Qb6 23. Bd1 Rb8 24. Rb1 Bf8 25. Bc2 Qa7 26. h4 Qa2 27. Qc1 h6 28. h5 gxh5 29. Nh4 Be7 30. Nf3 Kg7 31. f5 exf5 32. Bxf5 h4 33. Nh2 Bg5 34. Qc2 Qa7 35. Nf3 Bf4 36. Bh3 Bg3 37. Qf5 Rb6 38. Qh5 Rxb2 39. Rf1 Qc7 40. Nxh4 Qe7 41. Nf5+ Kf8 42. Nxe7 Kxe7 43. Qxh6 Rc2 44. Qg5+ Ke8 45. Qxg3 1-0


[Site "https://www.chess.com"]

[Event "Titled Tuesday Blitz July 18 Early 2023"]
[White "Rodriguez Santiago, Jaime"]
[Black "Torres Hernandez, Leslie Carolin"]
[WhiteFideId "3100898"]
[BlackFideId "8400504"]
[WhiteElo "2361"]
[BlackElo "2281"]
[Result "1-0"]
[Round "10"]
[TimeControl "180+2"]
[Date "2023.07.18"]
[WhiteClock "0:01:57"]
[BlackClock "0:01:36"]
[Board "125"]

1. c4 e5 2. Nc3 Nc6 3. g3 f5 4. Bg2 Nf6 5. d3 Bc5 6. e3 d6 7. Nge2 O-O 8. O-O Qe8 9. d4 Bb6 10. dxe5 Nxe5 11. b3 Be6 12. Nf4 Bf7 13. Bxb7 Rb8 14. Bg2 Rd8 15. Bb2 c6 16. Qc2 d5 17. cxd5 cxd5 18. Rad1 Ne4 19. Ncxd5 g5 1-0


[Site "https://www.chess.com"]

[Event "Titled Tuesday Blitz July 18 Early 2023"]
[White "Sovetbekova, Nurai"]
[Black "Magallanes, Rey Jomar"]
[WhiteFideId "13801910"]
[BlackFideId "5205948"]
[WhiteElo "2350"]
[BlackElo "2267"]
[Result "1-0"]
[Round "10"]
[TimeControl "180+2"]
[Date "2023.07.18"]
[WhiteClock "0:01:10"]
[BlackClock "0:01:49"]
[Board "126"]

1. d4 d5 2. c4 e6 3. Nc3 Nf6 4. Bf4 Nbd7 5. e3 dxc4 6. Bxc4 Nb6 7. Bd3 Bd6 8. Bg5 Be7 9. Nf3 Nfd5 10. Bxe7 Qxe7 11. Nxd5 Nxd5 12. O-O O-O 13. Rc1 c6 14. a3 Bd7 15. Qc2 g6 16. Ne5 Be8 17. b4 f5 18. e4 Nf4 19. Bc4 b5 20. Bb3 Kh8 21. exf5 gxf5 22. Kh1 Rg8 23. g3 Nd5 24. Nxc6 Qb7 25. Bxd5 exd5 26. Ne5 Bg6 27. Qc7 Qa6 28. Nf7+ Bxf7 29. Qxf7 Qxa3 30. Rc7 Qe3 31. Qxh7# 1-0


[Site "https://www.chess.com"]

[Event "Titled Tuesday Blitz July 18 Early 2023"]
[White "Wernberg, Hugo"]
[Black "arturdailima"]
[WhiteFideId "1737511"]
[WhiteElo "2345"]
[BlackElo "2266"]
[Result "1-0"]
[Round "10"]
[TimeControl "180+2"]
[Date "2023.07.18"]
[WhiteClock "0:00:02"]
[BlackClock "0:00:23"]
[Board "127"]

1. d4 Nf6 2. c4 e6 3. Nf3 b6 4. g3 Ba6 5. Nbd2 Bb7 6. Bg2 c5 7. e4 Nxe4 8. Ne5 Nc3 9. Bxb7 Nxd1 10. Bxa8 Nxf2 11. Kxf2 cxd4 12. Bg2 d6 13. Nc6 Nxc6 14. Bxc6+ Ke7 15. Nf3 Qc7 16. Bb5 Qc5 17. a3 a5 18. b4 axb4 19. axb4 Qxb4 20. Bg5+ f6 21. Ra7+ Kd8 22. Rha1 Qb2+ 23. Bd2 Qxa1 24. Rxa1 e5 25. Ra7 g6 26. Bb4 d3 27. Bxd6 Bxd6 28. Ra8+ Ke7 29. Rxh8 Bc5+ 30. Ke1 e4 31. Nd2 e3 32. Nf3 Bb4+ 33. Kf1 e2+ 34. Kf2 Bc5+ 35. Kg2 Ke6 36. Re8+ Be7 37. Rxe7+ Kxe7 38. Kf2 Kd6 39. Nd2 Kc5 40. Ke1 Kd4 41. Nb3+ Kc3 42. Nd2 f5 43. Bc6 h6 44. h4 g5 45. hxg5 hxg5 46. Bf3 Kd4 47. Bxe2 dxe2 48. Kxe2 f4 49. g4 Kc3 50. Ne4+ Kxc4 51. Nxg5 b5 52. Kd2 Kd4 53. Nf3+ Kd5 54. g5 Ke6 55. Kc3 Kf5 56. Kb4 Kg4 57. g6 Kxf3 58. g7 Ke2 59. g8=Q f3 60. Qe6+ Kf1 61. Qh3+ Ke2 62. Qg4 Ke3 63. Qg5+ Ke2 64. Qh5 Ke3 65. Kxb5 f2 66. Qd1 f1=Q+ 67. Qxf1 1-0


[Site "https://www.chess.com"]

[Event "Titled Tuesday Blitz July 18 Early 2023"]
[White "Nithyalakshmi, Sivanesan"]
[Black "Joshi, Pankaj"]
[WhiteFideId "5706955"]
[BlackFideId "5006210"]
[WhiteElo "2341"]
[BlackElo "2261"]
[Result "0-1"]
[Round "10"]
[TimeControl "180+2"]
[Date "2023.07.18"]
[WhiteClock "0:00:29"]
[BlackClock "0:00:06"]
[Board "128"]

1. e4 c5 2. Nc3 Nc6 3. Bb5 Nd4 4. Nf3 Nxb5 5. Nxb5 d5 6. exd5 a6 7. Nc3 Nf6 8. d4 Nxd5 9. dxc5 e6 10. Nxd5 exd5 11. O-O Bxc5 12. Qe2+ Be6 13. Ng5 Qe7 14. Nxe6 Qxe6 15. Qxe6+ fxe6 16. Bg5 h6 17. Bf4 Kd7 18. g3 Bd6 19. Bxd6 Kxd6 20. Rad1 Rac8 21. c3 e5 22. Rfe1 Rhe8 23. Re3 e4 24. Kg2 g5 25. f3 exf3+ 26. Kxf3 g4+ 27. Ke2 Re5 28. Rxe5 Kxe5 29. Rd4 h5 30. Ke3 Rf8 31. Rb4 b5 32. a4 Rf3+ 33. Ke2 bxa4 34. Rxa4 Rf6 35. Rb4 Rc6 36. Rf4 Rb6 37. b4 a5 38. Kd3 axb4 39. cxb4 Rb5 40. Kc3 Rb6 41. Kb3 d4 42. Kc4 Rc6+ 43. Kd3 Rc3+ 44. Kd2 Rb3 45. Rf8 Rxb4 46. Re8+ Kd6 47. Rd8+ Ke7 48. Rd5 Rb2+ 49. Kd3 Rxh2 50. Kxd4 Ke6 51. Re5+ Kf6 52. Re3 Rg2 53. Ke4 Kg5 54. Ke5 h4 55. gxh4+ Kxh4 56. Ke4 Rg3 57. Re1 Rf3 58. Rg1 Rf8 59. Ke3 g3 60. Rh1+ Kg4 61. Ke2 g2 62. Rg1 Kg3 63. Ra1 Kh2 64. Ra7 g1=Q 65. Rh7+ Kg2 66. Rg7+ Kh1 67. Rh7+ Qh2+ 68. Rxh2+ Kxh2 0-1


[Site "https://www.chess.com"]

[Event "Titled Tuesday Blitz July 18 Early 2023"]
[White "Zaichenko, Daria"]
[Black "Alain_Otero"]
[WhiteFideId "4197453"]
[WhiteElo "2257"]
[BlackElo "2340"]
[Result "1-0"]
[Round "10"]
[TimeControl "180+2"]
[Date "2023.07.18"]
[WhiteClock "0:00:09"]
[BlackClock "0:00:02"]
[Board "129"]

1. e4 e5 2. Nf3 Nc6 3. Bc4 Bc5 4. d3 Nf6 5. c3 d6 6. Bb3 Bb6 7. O-O O-O 8. Re1 Ne7 9. Nbd2 c6 10. Nf1 Ng6 11. Ng3 Re8 12. Bg5 h6 13. Be3 d5 14. Bxb6 Qxb6 15. Nf5 Ng4 16. Qd2 Qd8 17. h3 Nf6 18. Rad1 Qc7 19. Nxh6+ gxh6 20. Qxh6 Qd6 21. exd5 cxd5 22. d4 e4 23. Ne5 Nxe5 24. dxe5 Qxe5 25. Re3 Bf5 26. f4 Qe6 27. Rg3+ Bg6 28. Rf1 Qf5 29. Rg5 Qe6 30. f5 Qb6+ 31. Kh1 Nh7 32. Rxg6+ fxg6 33. Bxd5+ Kh8 34. fxg6 e3 35. Qxh7# 1-0


[Site "https://www.chess.com"]

[Event "Titled Tuesday Blitz July 18 Early 2023"]
[White "Saucey, Michel"]
[Black "Hernandez Bermudez, Ulises Eduardo"]
[WhiteFideId "601845"]
[BlackFideId "3902510"]
[WhiteElo "2322"]
[BlackElo "2242"]
[Result "1/2-1/2"]
[Round "10"]
[TimeControl "180+2"]
[Date "2023.07.18"]
[WhiteClock "0:00:43"]
[BlackClock "0:00:13"]
[Board "130"]

1. d4 d5 2. Nf3 Nf6 3. c4 c6 4. Nc3 e6 5. e3 Bd6 6. Bd3 Nbd7 7. e4 dxe4 8. Nxe4 Nxe4 9. Bxe4 O-O 10. O-O c5 11. dxc5 Nxc5 12. Bc2 b6 13. b4 Nb7 14. Qd3 g6 15. Bh6 Re8 16. Qc3 f6 17. Rad1 Qe7 18. a3 g5 19. h4 g4 20. Nd4 Be5 21. Qe3 Qf7 22. Be4 Qh5 23. Bf4 Qxh4 24. Bxe5 fxe5 25. Nc6 Qf6 26. g3 Qg7 27. f3 gxf3 28. Rxf3 Bd7 29. Nxe5 Ba4 30. Rdf1 Nd6 31. Bxa8 Rxa8 32. Qd4 Nf5 33. Rxf5 Qxg3+ 34. Kh1 Qh3+ 35. Kg1 Qg3+ 36. Kh1 Qh3+ 37. Kg1 Qg3+ 1/2-1/2


[Site "https://www.chess.com"]

[Event "Titled Tuesday Blitz July 18 Early 2023"]
[White "Sarkar, Justin"]
[Black "kiwibobo"]
[WhiteFideId "2010011"]
[WhiteElo "2238"]
[BlackElo "2312"]
[Result "0-1"]
[Round "10"]
[TimeControl "180+2"]
[Date "2023.07.18"]
[WhiteClock "0:00:00"]
[BlackClock "0:02:01"]
[Board "131"]

1. e4 e5 2. f4 exf4 3. Nf3 g5 4. Nc3 Bg7 5. h4 h6 6. hxg5 hxg5 7. Rxh8 Bxh8 8. d4 g4 9. Ne5 Qh4+ 10. Ke2 d6 11. Bxf4 dxe5 12. dxe5 Be6 13. Nd5 Na6 14. Qd2 O-O-O 15. Bg5 Qg3 16. Bxd8 Qxe5 17. Bg5 Qxe4+ 0-1


[Site "https://www.chess.com"]

[Event "Titled Tuesday Blitz July 18 Early 2023"]
[White "Kiseleva, Arina"]
[Black "Acikel, Mert"]
[WhiteFideId "4164989"]
[BlackFideId "12956465"]
[WhiteElo "2215"]
[BlackElo "2311"]
[Result "0-1"]
[Round "10"]
[TimeControl "180+2"]
[Date "2023.07.18"]
[WhiteClock "0:00:00"]
[BlackClock "0:01:21"]
[Board "132"]

1. d4 d5 2. Nf3 Nf6 3. e3 e6 4. Bd3 Be7 5. O-O O-O 6. Nbd2 c5 7. b3 b6 8. Bb2 Bb7 9. Ne5 Nbd7 10. Qf3 Rc8 11. Qh3 Qc7 12. Nxd7 Qxd7 13. dxc5 g6 14. cxb6 axb6 15. Qh6 Qc7 16. Nf3 Ne8 17. Ng5 Bxg5 18. Qxg5 f6 19. Qh6 Qf7 20. c4 Nd6 21. cxd5 Bxd5 22. Ba3 Rfd8 23. Rac1 Ne4 24. f3 Nc3 25. Bb2 Nxa2 26. Rxc8 Rxc8 27. Qh4 e5 28. Ra1 Bxb3 29. f4 Rd8 30. Be4 Rd2 0-1


[Site "https://www.chess.com"]

[Event "Titled Tuesday Blitz July 18 Early 2023"]
[White "ExchangeAB"]
[Black "Cardenas Carbajal, Nilson"]
[BlackFideId "8401128"]
[WhiteElo "2309"]
[BlackElo "2183"]
[Result "1-0"]
[Round "10"]
[TimeControl "180+2"]
[Date "2023.07.18"]
[WhiteClock "0:02:13"]
[BlackClock "0:00:10"]
[Board "133"]

1. d4 Nf6 2. Nc3 d5 3. Bf4 c5 4. e3 a6 5. dxc5 Bf5 6. Bd3 Bxd3 7. cxd3 e6 8. d4 Nc6 9. h3 Be7 10. Nf3 O-O 11. O-O Nd7 12. a3 a5 13. Nb5 f6 14. Bd6 e5 15. Nc7 Bxd6 16. cxd6 e4 17. Nd2 Nb6 18. Nxa8 Nxa8 19. Qb3 Qxd6 20. Nxe4 Qe6 21. Nc5 Qf5 22. Qxb7 1-0


[Site "https://www.chess.com"]

[Event "Titled Tuesday Blitz July 18 Early 2023"]
[White "Feliz Dotel, Dewar Bienvenido"]
[Black "Holtel, Jasper"]
[WhiteFideId "6402801"]
[BlackFideId "12956376"]
[WhiteElo "2068"]
[BlackElo "2303"]
[Result "0-1"]
[Round "10"]
[TimeControl "180+2"]
[Date "2023.07.18"]
[WhiteClock "0:00:00"]
[BlackClock "0:00:08"]
[Board "134"]

1. d4 Nf6 2. e3 g6 3. Nf3 Bg7 4. Be2 O-O 5. b4 d6 6. a4 Nbd7 7. Bb2 Re8 8. Nbd2 e5 9. dxe5 dxe5 10. c4 a5 11. bxa5 Rxa5 12. Nb3 Ra8 13. O-O e4 14. Ne5 Nxe5 15. Qxd8 Rxd8 16. Bxe5 c6 17. Rad1 Bg4 18. Rxd8+ Rxd8 19. Bxf6 Ra8 20. Bxg7 Bxe2 21. Re1 Bxc4 22. Nc5 Kxg7 23. Nxb7 Rxa4 24. Nc5 Ra2 25. Nxe4 Bd5 26. Nc3 Rd2 27. Nxd5 cxd5 28. Rc1 d4 29. e4 Kf6 30. Kf1 d3 31. f3 Ke5 32. Rc7 Kf4 33. Ke1 Rxg2 34. Rxf7+ Ke3 35. Kf1 d2 36. Rd7 Rxh2 37. Kg1 Re2 38. e5 Re1+ 39. Kg2 d1=Q 40. Rxd1 Rxd1 41. Kg3 Rd8 42. Kg4 Rf8 43. f4 Rxf4+ 0-1


[Site "https://www.chess.com"]

[Event "Titled Tuesday Blitz July 18 Early 2023"]
[White "Guevara Sanchez, Erick Marvin"]
[Black "Ionescu, Mihai"]
[WhiteFideId "6700136"]
[BlackFideId "1202499"]
[WhiteElo "2140"]
[BlackElo "2495"]
[Result "1-0"]
[Round "10"]
[TimeControl "180+2"]
[Date "2023.07.18"]
[WhiteClock "0:02:33"]
[BlackClock "0:02:31"]
[Board "135"]

1. e4 c5 2. d4 cxd4 3. c3 dxc3 4. Nxc3 d6 5. Bc4 Nf6 6. e5 d5 7. Bb5+ Bd7 8. exf6 Bxb5 9. Nxb5 Qa5+ 10. Nc3 exf6 11. Qxd5 Qb6 12. Qb5+ 1-0


[Site "https://www.chess.com"]